2954 views
Uploaded 2020-01-31 03:08:52
Game version 1.32 / 1.32.1
37:25 long 4on4 ladder game on (8)GolemsInTheMist_LV
Saved by ChuckleMan
2954 views
Uploaded 2020-01-31 03:08:52
Game version 1.32 / 1.32.1
37:25 long 4on4 ladder game on (8)GolemsInTheMist_LV


167 units @ 22k
/ 3k
378 buildings @ 22.9k
/ 12.2k



| Staff of Sanctuary | 2 | 500 |
| Orb of Fire | 1 | 325 |
| Scroll of Regeneration | 1 | 100 |
| Scroll of Town Portal | 1 | 350 |
| Boots of Speed | 3 | 750 |
| Staff of Teleportation | 3 | 450 |
| total: | 11 | 2475g |
| Peasant | 26 | 1950 | / | 0 |
| Sorceress | 1 | 155 | / | 20 |
| Goblin Shredder | 2 | 750 | / | 200 |
| Goblin Sapper | 3 | 645 | / | 300 |
| total: | 32 | 3500g | / | 520w |
| Scout Tower | 269 | 8070 | / | 5380 |
| Guard Tower | 73 | 5110 | / | 3650 |
| Arcane Tower | 5 | 350 | / | 250 |
| Altar of Kings | 1 | 180 | / | 50 |
| Farm | 6 | 480 | / | 120 |
| Lumber Mill | 1 | 120 | / | 0 |
| Town Hall | 5 | 1925 | / | 1025 |
| Arcane Vault | 1 | 130 | / | 30 |
| Arcane Sanctum | 2 | 300 | / | 280 |
| Keep | 1 | 320 | / | 210 |
| Castle | 1 | 360 | / | 210 |
| total: | 285 | 11205g | / | 6885w |
| 0:04 | Peasant |
| 0:04 | Peasant |
| 0:11 | Altar of Kings |
| 0:14 | Farm |
| 0:16 | Peasant |
| 0:34 | Peasant |
| 0:48 | Lumber Mill |
| 0:49 | Peasant |
| 0:52 | Farm |
| 0:54 | Farm |
| 0:58 | Peasant |
| 1:06 | Peasant |
| 1:17 | Peasant |
| 1:24 | Peasant |
| 1:28 | Farm |
| 1:51 | Scout Tower |
| 1:53 | Scout Tower |
| 2:00 | Peasant |
| 2:00 | Peasant |
| 2:00 | Peasant |
| 2:03 | Scout Tower |
| 2:10 | Farm |
| 2:13 | Scout Tower |
| 2:14 | Scout Tower |
| 2:16 | Flame Strike |
| 2:20 | Scout Tower |
| 2:21 | Guard Tower |
| 2:23 | Scout Tower |
| 2:24 | Scout Tower |
| 2:27 | Scout Tower |
| 2:28 | Scout Tower |
| 2:38 | Peasant |
| 2:43 | Guard Tower |
| 2:55 | Guard Tower |
| 2:56 | Scout Tower |
| 2:58 | Scout Tower |
| 2:59 | Scout Tower |
| 3:03 | Scout Tower |
| 3:03 | Scout Tower |
| 3:04 | Guard Tower |
| 3:15 | Guard Tower |
| 3:18 | Peasant |
| 3:19 | Peasant |
| 3:37 | Guard Tower |
| 3:39 | Scout Tower |
| 3:44 | Guard Tower |
| 3:48 | Guard Tower |
| 3:55 | Scout Tower |
| 3:55 | Scout Tower |
| 4:07 | Farm |
| 4:10 | Scout Tower |
| 4:12 | Scout Tower |
| 4:15 | Guard Tower |
| 4:31 | Town Hall |
| 4:33 | Scout Tower |
| 4:33 | Scout Tower |
| 4:38 | Peasant |
| 4:38 | Peasant |
| 4:38 | Peasant |
| 4:42 | Scout Tower |
| 4:43 | Scout Tower |
| 4:46 | Guard Tower |
| 4:47 | Scout Tower |
| 4:48 | Scout Tower |
| 4:50 | Guard Tower |
| 5:03 | Guard Tower |
| 5:05 | Goblin Shredder |
| 5:21 | Guard Tower |
| 5:23 | Scout Tower |
| 5:24 | Scout Tower |
| 5:24 | Scout Tower |
| 5:31 | Scout Tower |
| 5:36 | Guard Tower |
| 5:49 | Guard Tower |
| 5:51 | Guard Tower |
| 6:06 | Scout Tower |
| 6:07 | Scout Tower |
| 6:07 | Scout Tower |
| 6:08 | Scout Tower |
| 6:40 | Keep |
| 6:42 | Improved Masonry |
| 6:45 | Guard Tower |
| 6:59 | Scout Tower |
| 7:00 | Scout Tower |
| 7:00 | Scout Tower |
| 7:00 | Scout Tower |
| 7:03 | Scout Tower |
| 7:03 | Scout Tower |
| 7:04 | Scout Tower |
| 7:04 | Scout Tower |
| 7:04 | Scout Tower |
| 7:04 | Scout Tower |
| 7:08 | Guard Tower |
| 7:09 | Scout Tower |
| 7:09 | Scout Tower |
| 7:12 | Siphon Mana |
| 7:28 | Guard Tower |
| 7:34 | Scout Tower |
| 7:35 | Scout Tower |
| 7:35 | Scout Tower |
| 7:35 | Scout Tower |
| 7:54 | Scout Tower |
| 8:01 | Town Hall |
| 8:29 | Guard Tower |
| 8:43 | Guard Tower |
| 8:45 | Guard Tower |
| 8:49 | Scout Tower |
| 8:49 | Scout Tower |
| 8:50 | Scout Tower |
| 8:50 | Scout Tower |
| 8:50 | Scout Tower |
| 8:51 | Scout Tower |
| 8:54 | Goblin Shredder |
| 8:58 | Scout Tower |
| 8:59 | Scout Tower |
| 8:59 | Scout Tower |
| 8:59 | Scout Tower |
| 9:01 | Scout Tower |
| 9:02 | Scout Tower |
| 9:07 | Scout Tower |
| 9:20 | Guard Tower |
| 9:31 | Scout Tower |
| 9:31 | Scout Tower |
| 9:35 | Scout Tower |
| 9:36 | Scout Tower |
| 9:36 | Scout Tower |
| 9:50 | Guard Tower |
| 10:12 | Boots of Speed |
| 10:17 | Guard Tower |
| 10:23 | Guard Tower |
| 10:43 | Peasant |
| 10:43 | Peasant |
| 10:43 | Peasant |
| 10:45 | Guard Tower |
| 10:53 | Castle |
| 10:55 | Guard Tower |
| 10:56 | Advanced Masonry |
| 10:56 | Improved Lumber Harvesting |
| 11:01 | Blizzard |
| 11:14 | Guard Tower |
| 11:28 | Scout Tower |
| 11:28 | Scout Tower |
| 11:28 | Scout Tower |
| 11:28 | Scout Tower |
| 11:29 | Scout Tower |
| 11:29 | Scout Tower |
| 11:30 | Scout Tower |
| 11:31 | Scout Tower |
| 11:32 | Scout Tower |
| 11:32 | Scout Tower |
| 11:32 | Scout Tower |
| 11:33 | Scout Tower |
| 11:33 | Scout Tower |
| 11:36 | Scout Tower |
| 11:37 | Scout Tower |
| 11:37 | Scout Tower |
| 11:38 | Scout Tower |
| 11:39 | Scout Tower |
| 11:39 | Scout Tower |
| 11:39 | Scout Tower |
| 11:40 | Scout Tower |
| 11:40 | Scout Tower |
| 11:40 | Scout Tower |
| 11:41 | Scout Tower |
| 11:41 | Scout Tower |
| 11:42 | Guard Tower |
| 11:46 | Arcane Sanctum |
| 11:48 | Arcane Sanctum |
| 11:51 | Scout Tower |
| 11:51 | Scout Tower |
| 11:52 | Scout Tower |
| 11:53 | Scout Tower |
| 11:53 | Scout Tower |
| 11:54 | Scout Tower |
| 11:54 | Scout Tower |
| 11:55 | Scout Tower |
| 12:00 | Boots of Speed |
| 12:08 | Guard Tower |
| 12:09 | Scout Tower |
| 12:10 | Scout Tower |
| 12:10 | Scout Tower |
| 12:11 | Scout Tower |
| 12:11 | Scout Tower |
| 12:12 | Scout Tower |
| 12:20 | Guard Tower |
| 12:21 | Scout Tower |
| 12:22 | Scout Tower |
| 12:22 | Scout Tower |
| 12:24 | Guard Tower |
| 13:15 | Peasant |
| 13:15 | Peasant |
| 13:15 | Peasant |
| 13:15 | Peasant |
| 13:16 | Peasant |
| 13:25 | Scout Tower |
| 13:30 | Magic Sentry |
| 13:30 | Sorceress Adept Training |
| 13:31 | Sorceress |
| 13:31 | Priest Adept Training |
| 13:35 | Guard Tower |
| 13:38 | Guard Tower |
| 13:46 | Guard Tower |
| 13:50 | Guard Tower |
| 13:53 | Scout Tower |
| 13:53 | Scout Tower |
| 13:54 | Scout Tower |
| 13:55 | Scout Tower |
| 13:56 | Scout Tower |
| 13:57 | Scout Tower |
| 13:57 | Scout Tower |
| 13:58 | Scout Tower |
| 14:00 | Scout Tower |
| 14:01 | Scout Tower |
| 14:05 | Scout Tower |
| 14:06 | Scout Tower |
| 14:06 | Scout Tower |
| 14:07 | Scout Tower |
| 14:20 | Town Hall |
| 14:26 | Rain of Fire |
| 14:28 | Guard Tower |
| 14:30 | Scout Tower |
| 14:31 | Scout Tower |
| 14:32 | Scout Tower |
| 14:32 | Scout Tower |
| 14:33 | Scout Tower |
| 14:33 | Scout Tower |
| 14:37 | Boots of Speed |
| 14:43 | Guard Tower |
| 15:03 | Scout Tower |
| 15:04 | Scout Tower |
| 15:06 | Guard Tower |
| 15:09 | Arcane Vault |
| 15:18 | Scout Tower |
| 15:20 | Guard Tower |
| 15:22 | Scout Tower |
| 15:24 | Scout Tower |
| 15:25 | Guard Tower |
| 15:44 | Guard Tower |
| 15:49 | Town Hall |
| 16:02 | Arcane Tower |
| 16:06 | Scout Tower |
| 16:07 | Scout Tower |
| 16:08 | Scout Tower |
| 16:12 | Guard Tower |
| 16:14 | Scout Tower |
| 16:15 | Scout Tower |
| 16:19 | Scout Tower |
| 16:20 | Scout Tower |
| 16:21 | Scout Tower |
| 16:21 | Scout Tower |
| 16:22 | Scout Tower |
| 16:25 | Guard Tower |
| 16:32 | Sorceress Master Training |
| 16:34 | Priest Master Training |
| 16:48 | Scout Tower |
| 16:48 | Scout Tower |
| 16:49 | Scout Tower |
| 16:49 | Scout Tower |
| 16:50 | Scout Tower |
| 16:50 | Scout Tower |
| 16:51 | Scout Tower |
| 17:03 | Staff of Teleportation |
| 17:04 | Scroll of Town Portal |
| 17:07 | Staff of Teleportation |
| 17:22 | Guard Tower |
| 17:25 | Guard Tower |
| 17:32 | Scout Tower |
| 17:32 | Scout Tower |
| 17:33 | Scout Tower |
| 18:42 | Guard Tower |
| 19:00 | Staff of Sanctuary |
| 19:00 | Orb of Fire |
| 19:22 | Scroll of Regeneration |
| 19:38 | Guard Tower |
| 19:42 | Scout Tower |
| 19:43 | Scout Tower |
| 19:45 | Scout Tower |
| 19:52 | Scout Tower |
| 19:52 | Scout Tower |
| 19:53 | Scout Tower |
| 19:53 | Scout Tower |
| 20:08 | Staff of Teleportation |
| 20:32 | Scout Tower |
| 20:32 | Scout Tower |
| 20:33 | Scout Tower |
| 20:33 | Scout Tower |
| 20:34 | Scout Tower |
| 20:35 | Scout Tower |
| 20:35 | Scout Tower |
| 20:35 | Scout Tower |
| 20:41 | Scout Tower |
| 20:42 | Scout Tower |
| 20:42 | Scout Tower |
| 20:44 | Scout Tower |
| 20:45 | Scout Tower |
| 20:46 | Scout Tower |
| 20:47 | Scout Tower |
| 21:21 | Guard Tower |
| 21:27 | Guard Tower |
| 21:35 | Arcane Tower |
| 21:38 | Scout Tower |
| 21:39 | Scout Tower |
| 21:40 | Scout Tower |
| 21:41 | Scout Tower |
| 21:41 | Scout Tower |
| 21:42 | Scout Tower |
| 21:46 | Guard Tower |
| 21:49 | Scout Tower |
| 21:49 | Scout Tower |
| 21:49 | Scout Tower |
| 21:50 | Scout Tower |
| 21:54 | Guard Tower |
| 22:24 | Scout Tower |
| 22:25 | Scout Tower |
| 22:26 | Scout Tower |
| 22:27 | Scout Tower |
| 22:27 | Scout Tower |
| 22:28 | Scout Tower |
| 22:28 | Scout Tower |
| 22:29 | Scout Tower |
| 22:29 | Scout Tower |
| 22:30 | Scout Tower |
| 22:32 | Goblin Sapper |
| 22:33 | Goblin Sapper |
| 22:33 | Goblin Sapper |
| 22:58 | Flame Strike |
| 23:17 | Staff of Sanctuary |
| 23:22 | Brilliance Aura |
| 23:24 | Guard Tower |
| 23:27 | Arcane Tower |
| 23:37 | Guard Tower |
| 23:42 | Guard Tower |
| 23:53 | Arcane Tower |
| 24:00 | Arcane Tower |
| 24:17 | Guard Tower |
| 24:19 | Scout Tower |
| 24:19 | Scout Tower |
| 24:20 | Scout Tower |
| 24:20 | Scout Tower |
| 24:20 | Scout Tower |
| 25:29 | Cleaving Attack |
| 29:21 | Guard Tower |
| 30:08 | Scout Tower |
| 30:08 | Scout Tower |
| 30:09 | Scout Tower |
| 30:11 | Scout Tower |
| 30:11 | Scout Tower |
| 30:12 | Scout Tower |
| 30:12 | Scout Tower |
| 30:13 | Scout Tower |
| 30:13 | Scout Tower |
| 30:14 | Scout Tower |
| 30:15 | Scout Tower |
| 30:16 | Scout Tower |
| 30:17 | Scout Tower |
| 30:18 | Scout Tower |
| 30:18 | Scout Tower |
| 30:29 | Scout Tower |
| 30:30 | Scout Tower |
| 30:31 | Scout Tower |
| 30:31 | Scout Tower |
| 30:32 | Scout Tower |
| 30:33 | Scout Tower |
| 30:33 | Scout Tower |
| 30:34 | Scout Tower |
| 30:36 | Guard Tower |
| 30:54 | Guard Tower |
| 31:08 | Guard Tower |
| 31:11 | Scout Tower |
| 31:12 | Scout Tower |
| 31:12 | Scout Tower |
| 31:14 | Guard Tower |
| 31:15 | Scout Tower |
| 31:16 | Scout Tower |
| 31:16 | Scout Tower |
| 31:53 | Scout Tower |
| 31:54 | Scout Tower |
| 31:55 | Scout Tower |
| 31:55 | Scout Tower |
| 31:56 | Scout Tower |
| 31:57 | Scout Tower |
| 31:58 | Scout Tower |
| 31:58 | Scout Tower |
| 32:00 | Scout Tower |
| 32:00 | Scout Tower |
| 32:01 | Scout Tower |
| 32:10 | Guard Tower |
| 32:23 | Town Hall |
| 32:27 | Guard Tower |
| 32:32 | Scout Tower |
| 32:33 | Scout Tower |
| 32:33 | Scout Tower |
| 32:34 | Scout Tower |
| 32:36 | Scout Tower |
| 32:37 | Scout Tower |
| 32:38 | Scout Tower |
| 32:39 | Scout Tower |
| 32:40 | Scout Tower |
| 32:42 | Scout Tower |
| 32:43 | Scout Tower |
| 32:44 | Scout Tower |
| 32:47 | Guard Tower |
| 32:51 | Guard Tower |
| 32:57 | Scout Tower |
| 32:57 | Scout Tower |
| 32:58 | Scout Tower |
| 33:01 | Scout Tower |
| 33:01 | Scout Tower |
| 33:03 | Scout Tower |
| 33:03 | Scout Tower |
| 33:03 | Scout Tower |
| 33:05 | Scout Tower |
| 33:06 | Scout Tower |
| 33:29 | Guard Tower |
| 33:32 | Guard Tower |
| 33:35 | Guard Tower |
| 33:40 | Scout Tower |
| 33:40 | Scout Tower |
| 33:54 | Blizzard |
| 33:57 | Guard Tower |
| 33:59 | Guard Tower |
| 34:20 | Guard Tower |
| 34:23 | Guard Tower |
| 34:55 | Rain of Fire |
| 35:59 | Scout Tower |
| Right click | 1090 |
| Select group | 470 |
| Select | 442 |
| Chat | 296 |
| Build/train/purchase | 181 |
| Use ability | 144 |
| Misc. action | 78 |
| Assign group | 42 |
| Resource trade | 10 |
| Minimap ping | 9 |
| Item give/drop | 5 |
| Esc | 1 |

| Potion of Healing | 2 | 300 |
| Moonstone | 1 | 50 |
| Orb of Venom | 1 | 325 |
| Scroll of Town Portal | 2 | 700 |
| Boots of Speed | 1 | 250 |
| Staff of Teleportation | 1 | 150 |
| total: | 8 | 1775g |
| Wisp | 29 | 1740 | / | 0 |
| Hippogryph | 3 | 480 | / | 60 |
| Chimaera | 3 | 990 | / | 210 |
| Druid of the Talon | 10 | 1450 | / | 200 |
| Goblin Shredder | 1 | 375 | / | 100 |
| total: | 46 | 5035g | / | 570w |
| Altar of Elders | 1 | 180 | / | 50 |
| Moon Well | 13 | 2340 | / | 520 |
| Tree of Life | 2 | 680 | / | 370 |
| Ancient of Wonders | 1 | 90 | / | 30 |
| Hunter's Hall | 1 | 210 | / | 100 |
| Ancient of War | 1 | 150 | / | 60 |
| Ancient of Wind | 3 | 450 | / | 420 |
| Chimaera Roost | 3 | 420 | / | 570 |
| Tree of Ages | 1 | 320 | / | 180 |
| Tree of Eternity | 1 | 330 | / | 200 |
| total: | 25 | 4520g | / | 2120w |
| 0:04 | Wisp |
| 0:05 | Wisp |
| 0:15 | Altar of Elders |
| 0:21 | Moon Well |
| 0:34 | Wisp |
| 0:34 | Wisp |
| 0:56 | Wisp |
| 1:06 | Wisp |
| 1:28 | Moon Well |
| 1:30 | Wisp |
| 1:31 | Wisp |
| 1:47 | Wisp |
| 2:13 | Wisp |
| 2:20 | Moon Well |
| 2:24 | Force of Nature |
| 2:40 | Wisp |
| 2:41 | Wisp |
| 2:41 | Wisp |
| 2:41 | Wisp |
| 2:41 | Wisp |
| 5:04 | Wisp |
| 5:05 | Wisp |
| 6:09 | Entangling Roots |
| 7:00 | Tree of Life |
| 7:19 | Tree of Life |
| 9:35 | Wisp |
| 9:37 | Wisp |
| 9:37 | Wisp |
| 9:43 | Wisp |
| 9:53 | Wisp |
| 10:43 | Wisp |
| 10:46 | Wisp |
| 10:54 | Wisp |
| 10:55 | Wisp |
| 11:56 | Tree of Ages |
| 13:19 | Entangling Roots |
| 13:44 | Wisp |
| 13:44 | Wisp |
| 13:51 | Moon Well |
| 13:52 | Moon Well |
| 13:53 | Moon Well |
| 13:54 | Moon Well |
| 13:56 | Moon Well |
| 13:57 | Moon Well |
| 13:57 | Moon Well |
| 13:58 | Moon Well |
| 14:18 | Ancient of Wind |
| 14:46 | Tree of Eternity |
| 14:50 | Nature's Blessing |
| 14:59 | Ancient of Wonders |
| 16:37 | Hippogryph |
| 16:39 | Hippogryph |
| 16:39 | Hippogryph |
| 16:52 | Hunter's Hall |
| 17:01 | Ancient of War |
| 17:04 | Ancient of Wind |
| 17:06 | Ancient of Wind |
| 18:10 | Chimaera Roost |
| 18:12 | Chimaera Roost |
| 18:18 | Potion of Healing |
| 18:49 | Potion of Healing |
| 19:24 | Moonstone |
| 19:27 | Orb of Venom |
| 19:34 | Corrosive Breath |
| 19:35 | Well Spring |
| 19:39 | Chimaera |
| 20:02 | Chimaera Roost |
| 20:18 | Wisp |
| 20:45 | Ultravision |
| 20:48 | Strength of the Wild |
| 20:48 | Reinforced Hides |
| 20:51 | Druid of the Talon Adept Training |
| 20:56 | Druid of the Talon |
| 21:02 | Goblin Shredder |
| 21:18 | Chimaera |
| 22:27 | Boots of Speed |
| 22:28 | Staff of Teleportation |
| 23:17 | Druid of the Talon Master Training |
| 24:48 | Mark of the Talon |
| 25:50 | Improved Strength of the Wild |
| 25:51 | Improved Reinforced Hides |
| 26:00 | Druid of the Talon |
| 26:03 | Druid of the Talon |
| 26:08 | Druid of the Talon |
| 26:08 | Druid of the Talon |
| 26:08 | Druid of the Talon |
| 29:08 | Moon Well |
| 29:09 | Moon Well |
| 29:22 | Druid of the Talon |
| 29:27 | Druid of the Talon |
| 29:41 | Scroll of Town Portal |
| 31:13 | Druid of the Talon |
| 31:18 | Druid of the Talon |
| 32:25 | Scroll of Town Portal |
| 34:34 | Chimaera |
| 35:31 | Advanced Strength of the Wild |
| 35:31 | Advanced Reinforced Hides |
| 37:02 | Force of Nature |
| Right click | 806 |
| Select | 411 |
| Select group | 231 |
| Resource trade | 120 |
| Build/train/purchase | 87 |
| Misc. action | 41 |
| Use ability | 36 |
| Assign group | 27 |
| Chat | 3 |
| Item give/drop | 2 |
| Remove unit | 2 |



| Orb of Venom | 2 | 650 |
| Staff of Preservation | 2 | 300 |
| Scroll of Town Portal | 1 | 350 |
| Scroll of Healing | 2 | 500 |
| Scroll of Protection | 2 | 300 |
| Potion of Lesser Invulnerability | 2 | 300 |
| Periapt of Vitality | 1 | 325 |
| total: | 12 | 2725g |
| Wisp | 12 | 720 | / | 0 |
| Archer | 5 | 650 | / | 50 |
| Dryad | 3 | 435 | / | 180 |
| Druid of the Claw | 3 | 765 | / | 240 |
| Goblin Shredder | 1 | 375 | / | 100 |
| total: | 24 | 2945g | / | 570w |
| Ancient Protector | 3 | 405 | / | 240 |
| Moon Well | 9 | 1620 | / | 360 |
| Ancient of War | 1 | 150 | / | 60 |
| Altar of Elders | 1 | 180 | / | 50 |
| Hunter's Hall | 2 | 420 | / | 200 |
| Ancient of Wonders | 2 | 180 | / | 60 |
| Ancient of Lore | 3 | 465 | / | 435 |
| Tree of Ages | 1 | 320 | / | 180 |
| Tree of Eternity | 1 | 330 | / | 200 |
| total: | 21 | 3420g | / | 1405w |
| 0:03 | Wisp |
| 0:03 | Wisp |
| 0:07 | Moon Well |
| 0:19 | Ancient of War |
| 0:25 | Wisp |
| 0:25 | Wisp |
| 0:26 | Wisp |
| 0:28 | Wisp |
| 1:02 | Altar of Elders |
| 1:10 | Wisp |
| 1:11 | Wisp |
| 1:27 | Moon Well |
| 1:30 | Archer |
| 1:41 | Archer |
| 1:57 | Archer |
| 2:36 | Black Arrow |
| 2:41 | Archer |
| 2:42 | Tree of Ages |
| 2:57 | Moon Well |
| 3:26 | Hunter's Hall |
| 3:43 | Archer |
| 4:15 | Silence |
| 4:46 | Moon Well |
| 5:39 | Black Arrow |
| 5:54 | Wisp |
| 5:59 | Ancient of Lore |
| 6:02 | Ancient of Lore |
| 6:05 | Ancient of Lore |
| 6:31 | Frost Arrows |
| 7:18 | Druid of the Claw Adept Training |
| 7:21 | Tree of Eternity |
| 8:11 | Dryad |
| 9:18 | Dryad |
| 9:25 | Moon Well |
| 9:26 | Moon Well |
| 9:33 | Ancient of Wonders |
| 9:45 | Forked Lightning |
| 10:05 | Druid of the Claw Master Training |
| 10:07 | Wisp |
| 10:07 | Wisp |
| 10:24 | Goblin Shredder |
| 10:37 | Ancient Protector |
| 11:49 | Silence |
| 12:10 | Druid of the Claw |
| 12:10 | Druid of the Claw |
| 12:11 | Mark of the Claw |
| 12:34 | Orb of Venom |
| 12:35 | Staff of Preservation |
| 12:37 | Scroll of Town Portal |
| 13:05 | Strength of the Wild |
| 13:05 | Reinforced Hides |
| 13:12 | Well Spring |
| 13:17 | Moon Well |
| 13:18 | Moon Well |
| 13:55 | Scroll of Protection |
| 13:55 | Scroll of Healing |
| 13:58 | Potion of Lesser Invulnerability |
| 16:23 | Hunter's Hall |
| 17:05 | Druid of the Claw |
| 19:19 | Dryad |
| 19:25 | Entangling Roots |
| 19:55 | Improved Strength of the Wild |
| 19:55 | Improved Reinforced Hides |
| 20:00 | Wisp |
| 20:21 | Frost Arrows |
| 20:31 | Staff of Preservation |
| 20:55 | Ancient of Wonders |
| 21:07 | Ancient Protector |
| 21:08 | Ancient Protector |
| 21:10 | Moon Well |
| 21:45 | Advanced Strength of the Wild |
| 22:13 | Potion of Lesser Invulnerability |
| 22:16 | Periapt of Vitality |
| 22:20 | Scroll of Protection |
| 22:20 | Scroll of Healing |
| 26:20 | Force of Nature |
| 30:59 | Orb of Venom |
| Right click | 2621 |
| Select group | 323 |
| Select | 213 |
| Chat | 96 |
| Build/train/purchase | 83 |
| Use ability | 29 |
| Assign group | 23 |
| Misc. action | 4 |
| Item give/drop | 3 |
| Minimap ping | 3 |
| Remove unit | 2 |
| Esc | 2 |



| Orb of Fire | 1 | 325 |
| Scroll of Town Portal | 2 | 700 |
| Periapt of Vitality | 4 | 1300 |
| Boots of Speed | 2 | 500 |
| Staff of Teleportation | 1 | 150 |
| total: | 10 | 2975g |
| Peasant | 19 | 1425 | / | 0 |
| Footman | 5 | 675 | / | 0 |
| Rifleman | 33 | 6765 | / | 990 |
| Priest | 4 | 540 | / | 40 |
| Gryphon Rider | 4 | 1120 | / | 280 |
| total: | 65 | 10525g | / | 1310w |
| Scout Tower | 21 | 630 | / | 420 |
| Guard Tower | 18 | 1260 | / | 900 |
| Altar of Kings | 1 | 180 | / | 50 |
| Barracks | 2 | 320 | / | 120 |
| Farm | 14 | 1120 | / | 280 |
| Blacksmith | 1 | 140 | / | 60 |
| Town Hall | 1 | 385 | / | 205 |
| Arcane Vault | 1 | 130 | / | 30 |
| Lumber Mill | 2 | 240 | / | 0 |
| Cannon Tower | 5 | 600 | / | 500 |
| Arcane Sanctum | 1 | 150 | / | 140 |
| Workshop | 1 | 140 | / | 140 |
| Gryphon Aviary | 2 | 280 | / | 300 |
| Keep | 1 | 320 | / | 210 |
| Castle | 1 | 360 | / | 210 |
| total: | 47 | 3715g | / | 1745w |
| 0:32 | Altar of Kings |
| 0:36 | Barracks |
| 0:40 | Farm |
| 0:44 | Peasant |
| 0:44 | Peasant |
| 0:45 | Peasant |
| 0:58 | Peasant |
| 1:26 | Peasant |
| 1:41 | Footman |
| 1:48 | Peasant |
| 1:48 | Peasant |
| 1:55 | Farm |
| 1:58 | Peasant |
| 2:32 | Farm |
| 2:35 | Farm |
| 2:36 | Footman |
| 2:43 | Storm Bolt |
| 2:46 | Footman |
| 3:16 | Footman |
| 4:05 | Bash |
| 4:19 | Blacksmith |
| 4:26 | Keep |
| 4:32 | Footman |
| 4:54 | Town Hall |
| 5:40 | Rifleman |
| 5:49 | Barracks |
| 6:50 | Rifleman |
| 6:54 | Black Gunpowder |
| 6:55 | Studded Leather Armor |
| 6:56 | Rifleman |
| 6:59 | Farm |
| 7:29 | Rifleman |
| 7:38 | Farm |
| 8:49 | Periapt of Vitality |
| 8:53 | Storm Bolt |
| 9:19 | Boots of Speed |
| 9:25 | Rifleman |
| 9:26 | Long Rifles |
| 9:27 | Rifleman |
| 9:30 | Farm |
| 9:40 | Rifleman |
| 9:44 | Peasant |
| 9:44 | Peasant |
| 9:46 | Peasant |
| 9:57 | Peasant |
| 10:01 | Peasant |
| 10:10 | Divine Shield |
| 10:15 | Rifleman |
| 10:31 | Rifleman |
| 11:35 | Periapt of Vitality |
| 11:37 | Staff of Teleportation |
| 11:38 | Boots of Speed |
| 11:52 | Rifleman |
| 11:52 | Rifleman |
| 11:55 | Farm |
| 12:03 | Arcane Vault |
| 13:05 | Rifleman |
| 13:05 | Rifleman |
| 13:42 | Refined Gunpowder |
| 13:52 | Peasant |
| 13:52 | Peasant |
| 13:55 | Farm |
| 14:11 | Rifleman |
| 14:15 | Rifleman |
| 14:30 | Scroll of Town Portal |
| 14:46 | Castle |
| 15:12 | Rifleman |
| 15:13 | Rifleman |
| 16:03 | Rifleman |
| 16:04 | Rifleman |
| 16:08 | Scout Tower |
| 16:13 | Scout Tower |
| 16:14 | Scout Tower |
| 16:14 | Scout Tower |
| 16:15 | Scout Tower |
| 16:16 | Scout Tower |
| 16:17 | Scout Tower |
| 16:18 | Scout Tower |
| 16:29 | Farm |
| 16:57 | Lumber Mill |
| 17:09 | Arcane Sanctum |
| 17:27 | Peasant |
| 17:27 | Peasant |
| 17:27 | Peasant |
| 17:27 | Peasant |
| 18:04 | Rifleman |
| 18:15 | Scout Tower |
| 18:16 | Scout Tower |
| 18:18 | Scout Tower |
| 18:19 | Scout Tower |
| 18:22 | Guard Tower |
| 18:25 | Guard Tower |
| 18:27 | Guard Tower |
| 18:32 | Guard Tower |
| 18:40 | Guard Tower |
| 19:03 | Guard Tower |
| 19:07 | Orb of Fire |
| 19:22 | Scroll of Town Portal |
| 19:46 | Guard Tower |
| 19:47 | Guard Tower |
| 20:12 | Farm |
| 20:14 | Farm |
| 20:24 | Priest |
| 20:25 | Priest |
| 20:30 | Imbued Gunpowder |
| 20:31 | Reinforced Leather Armor |
| 20:36 | Guard Tower |
| 20:43 | Guard Tower |
| 21:02 | Priest |
| 21:03 | Priest |
| 21:09 | Workshop |
| 21:36 | Guard Tower |
| 21:39 | Scout Tower |
| 21:40 | Scout Tower |
| 21:41 | Scout Tower |
| 21:51 | Guard Tower |
| 22:24 | Periapt of Vitality |
| 23:02 | Guard Tower |
| 23:03 | Guard Tower |
| 23:03 | Guard Tower |
| 23:10 | Scout Tower |
| 23:11 | Scout Tower |
| 23:13 | Scout Tower |
| 23:14 | Scout Tower |
| 23:15 | Scout Tower |
| 23:16 | Scout Tower |
| 23:37 | Lumber Mill |
| 23:54 | Farm |
| 23:57 | Farm |
| 24:07 | Blizzard |
| 24:31 | Guard Tower |
| 24:33 | Cannon Tower |
| 24:50 | Cannon Tower |
| 25:11 | Cannon Tower |
| 25:44 | Bash |
| 26:35 | Holy Light |
| 27:12 | Gryphon Aviary |
| 27:16 | Gryphon Aviary |
| 28:04 | Guard Tower |
| 28:06 | Cannon Tower |
| 28:54 | Gryphon Rider |
| 28:56 | Gryphon Rider |
| 28:57 | Gryphon Rider |
| 28:58 | Gryphon Rider |
| 29:55 | Iron Forged Swords |
| 30:00 | Rifleman |
| 30:00 | Rifleman |
| 30:01 | Rifleman |
| 30:02 | Rifleman |
| 30:42 | Rifleman |
| 30:43 | Rifleman |
| 30:56 | Storm Hammers |
| 32:09 | Rifleman |
| 32:09 | Rifleman |
| 32:42 | Rifleman |
| 32:57 | Dragonhide Armor |
| 33:23 | Rifleman |
| 33:23 | Rifleman |
| 33:51 | Rifleman |
| 33:52 | Rifleman |
| 36:05 | Periapt of Vitality |
| Right click | 1405 |
| Select | 519 |
| Select group | 509 |
| Build/train/purchase | 146 |
| Misc. action | 87 |
| Assign group | 44 |
| Use ability | 26 |
| Chat | 16 |
| Esc | 8 |
| Item give/drop | 7 |
122 units @ 18.9k
/ 2.1k
94 buildings @ 14.1k
/ 6.1k


| Healing Salve | 8 | 800 |
| Scroll of Speed | 4 | 200 |
| Lesser Clarity Potion | 4 | 280 |
| Potion of Healing | 1 | 150 |
| Orb of Lightning | 1 | 375 |
| Scroll of Town Portal | 2 | 700 |
| Boots of Speed | 1 | 250 |
| total: | 21 | 2755g |
| Peon | 9 | 675 | / | 0 |
| Grunt | 6 | 1200 | / | 0 |
| Raider | 6 | 1080 | / | 240 |
| Kodo Beast | 2 | 510 | / | 120 |
| Wind Rider | 5 | 1325 | / | 200 |
| Troll Batrider | 3 | 480 | / | 120 |
| Goblin Zeppelin | 1 | 240 | / | 60 |
| total: | 32 | 5510g | / | 740w |
| Altar of Storms | 1 | 180 | / | 50 |
| Orc Burrow | 7 | 1120 | / | 280 |
| Barracks | 1 | 180 | / | 50 |
| Voodoo Lounge | 2 | 260 | / | 60 |
| War Mill | 1 | 205 | / | 0 |
| Great Hall | 1 | 385 | / | 185 |
| Beastiary | 3 | 435 | / | 420 |
| Stronghold | 1 | 315 | / | 190 |
| Fortress | 1 | 325 | / | 190 |
| total: | 16 | 2765g | / | 1045w |
| 0:02 | Peon |
| 0:07 | Altar of Storms |
| 0:10 | Orc Burrow |
| 0:16 | Peon |
| 0:32 | Peon |
| 0:38 | Barracks |
| 0:50 | Peon |
| 1:04 | Peon |
| 1:26 | Voodoo Lounge |
| 1:28 | Peon |
| 1:47 | Grunt |
| 1:48 | Peon |
| 2:16 | Wind Walk |
| 2:23 | Orc Burrow |
| 2:47 | Stronghold |
| 3:02 | Orc Burrow |
| 3:19 | Grunt |
| 3:21 | Healing Salve |
| 3:48 | Grunt |
| 4:14 | Critical Strike |
| 4:24 | Grunt |
| 4:34 | Scroll of Speed |
| 4:41 | Healing Salve |
| 4:42 | Lesser Clarity Potion |
| 4:54 | Grunt |
| 4:57 | War Mill |
| 5:59 | Pillage |
| 7:09 | Beastiary |
| 7:10 | Beastiary |
| 7:11 | Berserker Strength |
| 7:16 | Scroll of Town Portal |
| 7:18 | Potion of Healing |
| 7:26 | Healing Salve |
| 7:31 | Reinforced Defenses |
| 7:54 | Grunt |
| 7:57 | Orc Burrow |
| 8:22 | Critical Strike |
| 8:55 | Ensnare |
| 8:56 | Raider |
| 9:05 | Lesser Clarity Potion |
| 9:24 | Scroll of Speed |
| 9:27 | Raider |
| 10:03 | Raider |
| 10:22 | Fortress |
| 10:31 | Steel Melee Weapons |
| 11:05 | Hex |
| 11:47 | Boots of Speed |
| 12:05 | Steel Armor |
| 13:14 | Raider |
| 13:52 | Goblin Zeppelin |
| 13:59 | Raider |
| 14:04 | Healing Wave |
| 14:11 | Orb of Lightning |
| 14:12 | Scroll of Speed |
| 14:13 | Healing Salve |
| 14:19 | Lesser Clarity Potion |
| 14:58 | Beastiary |
| 15:47 | Wind Walk |
| 16:12 | Scroll of Town Portal |
| 16:15 | Healing Salve |
| 16:37 | War Drums Damage Increase |
| 16:37 | Kodo Beast |
| 17:27 | Envenomed Spears |
| 19:22 | Raider |
| 19:24 | Kodo Beast |
| 19:43 | Healing Salve |
| 19:47 | Scroll of Speed |
| 20:13 | Steel Ranged Weapons |
| 20:18 | Orc Burrow |
| 20:19 | Orc Burrow |
| 20:21 | Orc Burrow |
| 21:20 | Great Hall |
| 21:56 | Voodoo Lounge |
| 23:52 | Wind Rider |
| 25:05 | Wind Rider |
| 26:47 | Critical Strike |
| 28:28 | Healing Wave |
| 28:40 | Wind Rider |
| 29:04 | Healing Salve |
| 30:33 | Peon |
| 30:34 | Peon |
| 31:15 | Wind Rider |
| 31:19 | Troll Batrider |
| 31:21 | Liquid Fire |
| 32:14 | Troll Batrider |
| 32:27 | Healing Salve |
| 32:37 | Wind Rider |
| 33:22 | Hex |
| 33:37 | Lesser Clarity Potion |
| 33:40 | Troll Batrider |
| Right click | 2926 |
| Select group | 984 |
| Select | 441 |
| Build/train/purchase | 117 |
| Misc. action | 90 |
| Use ability | 90 |
| Assign group | 41 |
| Resource trade | 6 |
| Item give/drop | 4 |
| Esc | 4 |
| Minimap ping | 2 |

| Potion of Mana | 2 | 400 |
| Potion of Healing | 2 | 300 |
| total: | 4 | 700g |
| Peon | 9 | 675 | / | 0 |
| Grunt | 4 | 800 | / | 0 |
| Troll Headhunter | 5 | 700 | / | 100 |
| Demolisher | 2 | 440 | / | 100 |
| Shaman | 5 | 650 | / | 100 |
| total: | 25 | 3265g | / | 300w |
| Watch Tower | 20 | 2200 | / | 1600 |
| Altar of Storms | 1 | 180 | / | 50 |
| Orc Burrow | 15 | 2400 | / | 600 |
| Barracks | 1 | 180 | / | 50 |
| War Mill | 2 | 410 | / | 0 |
| Voodoo Lounge | 1 | 130 | / | 30 |
| Spirit Lodge | 1 | 150 | / | 150 |
| Beastiary | 1 | 145 | / | 140 |
| Stronghold | 1 | 315 | / | 190 |
| Fortress | 1 | 325 | / | 190 |
| total: | 42 | 5795g | / | 2620w |
| 0:02 | Peon |
| 0:02 | Peon |
| 0:03 | Peon |
| 0:03 | Peon |
| 0:03 | Peon |
| 0:03 | Peon |
| 1:04 | Altar of Storms |
| 1:23 | Orc Burrow |
| 1:38 | Peon |
| 1:53 | Peon |
| 1:54 | Peon |
| 2:10 | Orc Burrow |
| 2:29 | Orc Burrow |
| 2:48 | Barracks |
| 3:06 | War Mill |
| 3:21 | Orc Burrow |
| 4:03 | Grunt |
| 4:03 | Grunt |
| 4:25 | Steel Melee Weapons |
| 4:28 | Grunt |
| 4:42 | Troll Headhunter |
| 4:59 | Grunt |
| 5:25 | Troll Headhunter |
| 5:26 | Troll Headhunter |
| 5:36 | Steel Ranged Weapons |
| 6:08 | Troll Headhunter |
| 6:08 | Troll Headhunter |
| 6:22 | Orc Burrow |
| 6:27 | Orc Burrow |
| 6:41 | Orc Burrow |
| 6:53 | Orc Burrow |
| 7:16 | Steel Armor |
| 8:03 | Stronghold |
| 8:19 | Spiked Barricades |
| 8:46 | Shockwave |
| 9:45 | Watch Tower |
| 10:38 | Spirit Lodge |
| 11:04 | Demolisher |
| 11:05 | Demolisher |
| 12:19 | Shaman |
| 12:20 | Shaman |
| 13:09 | Shaman Adept Training |
| 14:24 | Fortress |
| 15:07 | Orc Burrow |
| 15:12 | Orc Burrow |
| 15:33 | Watch Tower |
| 15:36 | Watch Tower |
| 15:40 | Watch Tower |
| 15:45 | Watch Tower |
| 15:49 | Watch Tower |
| 15:56 | Watch Tower |
| 16:03 | Watch Tower |
| 16:52 | Shaman Master Training |
| 17:02 | Watch Tower |
| 17:06 | Watch Tower |
| 17:10 | Watch Tower |
| 17:40 | Shaman |
| 17:41 | Shaman |
| 17:53 | Watch Tower |
| 17:59 | Watch Tower |
| 20:16 | War Stomp |
| 22:34 | Voodoo Lounge |
| 22:43 | Beastiary |
| 23:25 | Orc Burrow |
| 23:28 | Orc Burrow |
| 23:33 | Orc Burrow |
| 23:44 | Orc Burrow |
| 23:49 | Orc Burrow |
| 24:30 | Potion of Mana |
| 24:31 | Potion of Mana |
| 24:35 | Potion of Healing |
| 24:36 | Potion of Healing |
| 25:34 | War Mill |
| 25:47 | Thorium Melee Weapons |
| 29:21 | Watch Tower |
| 29:32 | Watch Tower |
| 32:13 | Watch Tower |
| 32:18 | Shaman |
| 32:23 | Watch Tower |
| 32:35 | Watch Tower |
| 32:39 | Watch Tower |
| 32:41 | Watch Tower |
| 33:23 | Endurance Aura |
| Right click | 260 |
| Select | 170 |
| Build/train/purchase | 44 |
| Use ability | 5 |
| Esc | 1 |

| Scroll of Town Portal | 1 | 350 |
| total: | 1 | 350g |
| Wisp | 8 | 480 | / | 0 |
| Archer | 11 | 1430 | / | 110 |
| Hippogryph | 7 | 1120 | / | 140 |
| Chimaera | 3 | 990 | / | 210 |
| total: | 29 | 4020g | / | 460w |
| Altar of Elders | 1 | 180 | / | 50 |
| Moon Well | 5 | 900 | / | 200 |
| Ancient of War | 2 | 300 | / | 120 |
| Ancient of Wonders | 1 | 90 | / | 30 |
| Ancient of Wind | 1 | 150 | / | 140 |
| Chimaera Roost | 1 | 140 | / | 190 |
| Tree of Ages | 1 | 320 | / | 180 |
| Tree of Eternity | 1 | 330 | / | 200 |
| total: | 11 | 1760g | / | 730w |
| 0:19 | Altar of Elders |
| 0:24 | Moon Well |
| 0:34 | Wisp |
| 0:52 | Wisp |
| 1:10 | Ancient of War |
| 1:55 | Wisp |
| 2:13 | Archer |
| 2:25 | Wisp |
| 2:31 | Archer |
| 2:49 | Trueshot Aura |
| 3:29 | Wisp |
| 3:49 | Moon Well |
| 4:09 | Archer |
| 4:12 | Archer |
| 4:49 | Ancient of War |
| 4:52 | Archer |
| 5:33 | Tree of Ages |
| 5:42 | Archer |
| 6:15 | Moon Well |
| 8:03 | Improved Bows |
| 8:08 | Nature's Blessing |
| 8:15 | Searing Arrows |
| 10:23 | Archer |
| 10:23 | Archer |
| 11:03 | Archer |
| 12:06 | Tree of Eternity |
| 13:31 | Archer |
| 13:33 | Archer |
| 14:40 | Trueshot Aura |
| 15:02 | Wisp |
| 15:14 | Chimaera Roost |
| 15:25 | Ancient of Wind |
| 15:28 | Wisp |
| 15:49 | Wisp |
| 16:08 | Moon Well |
| 17:00 | Hippogryph |
| 17:04 | Chimaera |
| 17:42 | Hippogryph |
| 18:19 | Hippogryph |
| 19:09 | Hippogryph |
| 21:56 | Moon Well |
| 23:25 | Hippogryph |
| 23:29 | Hippogryph |
| 27:40 | Hippogryph |
| 29:58 | Ancient of Wonders |
| 31:40 | Scroll of Town Portal |
| 32:30 | Chimaera |
| 33:49 | Chimaera |
| Right click | 357 |
| Select | 233 |
| Build/train/purchase | 46 |
| Misc. action | 14 |
| Use ability | 4 |
| Esc | 3 |

| Scroll of Speed | 2 | 100 |
| Lesser Clarity Potion | 8 | 560 |
| Healing Salve | 3 | 300 |
| Potion of Mana | 5 | 1000 |
| Potion of Healing | 3 | 450 |
| Scroll of Town Portal | 1 | 350 |
| total: | 22 | 2760g |
| Peon | 12 | 900 | / | 0 |
| Grunt | 14 | 2800 | / | 0 |
| Demolisher | 6 | 1320 | / | 300 |
| Tauren | 4 | 1120 | / | 320 |
| total: | 36 | 6140g | / | 620w |
| Watch Tower | 9 | 990 | / | 720 |
| Altar of Storms | 1 | 180 | / | 50 |
| Barracks | 2 | 360 | / | 100 |
| Orc Burrow | 8 | 1280 | / | 320 |
| Voodoo Lounge | 1 | 130 | / | 30 |
| War Mill | 1 | 205 | / | 0 |
| Great Hall | 1 | 385 | / | 185 |
| Tauren Totem | 2 | 270 | / | 310 |
| Stronghold | 1 | 315 | / | 190 |
| Fortress | 1 | 325 | / | 190 |
| total: | 25 | 3800g | / | 1715w |
| 0:04 | Peon |
| 0:11 | Altar of Storms |
| 0:18 | Barracks |
| 0:25 | Orc Burrow |
| 0:30 | Peon |
| 1:17 | Peon |
| 1:20 | Grunt |
| 1:43 | Grunt |
| 1:46 | Peon |
| 2:05 | Orc Burrow |
| 2:20 | Feral Spirit |
| 2:57 | Grunt |
| 2:58 | Grunt |
| 3:19 | Voodoo Lounge |
| 3:27 | Orc Burrow |
| 4:10 | Grunt |
| 4:15 | War Mill |
| 4:41 | Scroll of Speed |
| 4:42 | Lesser Clarity Potion |
| 4:48 | Healing Salve |
| 4:50 | Chain Lighting |
| 6:11 | Stronghold |
| 6:13 | Grunt |
| 6:16 | Steel Armor |
| 7:01 | Grunt |
| 7:29 | Barracks |
| 7:33 | Grunt |
| 7:37 | Steel Ranged Weapons |
| 8:10 | Lesser Clarity Potion |
| 8:22 | Scroll of Speed |
| 8:24 | Grunt |
| 8:34 | Orc Burrow |
| 8:38 | Demolisher |
| 9:04 | Demolisher |
| 10:10 | Demolisher |
| 11:04 | Grunt |
| 11:05 | Grunt |
| 11:13 | Thorium Ranged Weapons |
| 11:42 | Orc Burrow |
| 12:34 | Feral Spirit |
| 13:36 | Great Hall |
| 13:51 | Grunt |
| 13:59 | Peon |
| 14:11 | Healing Salve |
| 14:11 | Lesser Clarity Potion |
| 14:18 | Potion of Mana |
| 14:27 | Potion of Mana |
| 14:37 | Potion of Healing |
| 14:51 | Demolisher |
| 15:41 | Fortress |
| 16:09 | Peon |
| 16:09 | Peon |
| 16:48 | Peon |
| 16:49 | Peon |
| 18:16 | Chain Lighting |
| 20:21 | Tauren Totem |
| 20:24 | Peon |
| 20:25 | Peon |
| 20:34 | Grunt |
| 20:35 | Grunt |
| 20:46 | Tauren Totem |
| 20:55 | Demolisher |
| 21:00 | Orc Burrow |
| 21:21 | Thorium Armor |
| 21:28 | Burning Oil |
| 21:30 | Berserker Strength |
| 21:35 | Lesser Clarity Potion |
| 21:36 | Potion of Healing |
| 21:36 | Potion of Mana |
| 21:46 | Pulverize |
| 21:48 | Tauren |
| 21:50 | Tauren |
| 21:58 | Tauren |
| 21:58 | Tauren |
| 22:03 | Demolisher |
| 22:16 | Lesser Clarity Potion |
| 22:21 | Lesser Clarity Potion |
| 23:03 | Orc Burrow |
| 23:08 | Orc Burrow |
| 26:23 | Chain Lighting |
| 27:37 | Potion of Mana |
| 27:38 | Potion of Healing |
| 27:38 | Lesser Clarity Potion |
| 27:43 | Healing Salve |
| 28:02 | Potion of Mana |
| 29:14 | Peon |
| 32:02 | Watch Tower |
| 32:05 | Watch Tower |
| 32:08 | Watch Tower |
| 32:11 | Watch Tower |
| 32:31 | Watch Tower |
| 33:21 | Scroll of Town Portal |
| 33:24 | Lesser Clarity Potion |
| 34:24 | Watch Tower |
| 34:27 | Watch Tower |
| 34:30 | Watch Tower |
| 34:35 | Watch Tower |
| Right click | 1859 |
| Select | 373 |
| Build/train/purchase | 119 |
| Misc. action | 39 |
| Use ability | 39 |
| Chat | 39 |
| Select group | 30 |
| Assign group | 9 |
| Item give/drop | 4 |
| Remove unit | 3 |
| Minimap ping | 1 |
⇛